 Dungeon Crawl Stone Soup version bcrawl-1.27.3 (webtiles) character file.

Game seed: 9565324955663870413

126149 MisterOstroum the Ruffian (level 2, 4/29 HPs)
             Began as a Troll Martial Artist on Sept 6, 2020.
             Was a Follower of Wu Jian.
             Quit the game on level 1 of the Dungeon.
             The game lasted 00:00:47 (661 turns).

MisterOstroum the Ruffian (Troll Martial Artist)     Turns: 661, Time: 00:00:48

Health: 4/29       AC:  4    Str: 19    XL:     2   Next: 93%
Magic:  2/2        EV: 10    Int:  6    God:    Wu Jian [*.....]
Gold:   34         SH:  0    Dex: 12    Spells: 2/3 levels left

rFire    . . .     SeeInvis .     - Claws (17.7)
rCold    . . .     Gourm    +   (no shield)
rNeg     . . .     Faith    .   (armour unavailable)
rPois    .         Spirit   .   (helmet restricted)
rElec    .         Reflect  .   (no cloak)
rCorr    .         Harm     .   (gloves unavailable)
MR       .....                  (boots unavailable)
Stlth    +.........             (no amulet)
HPRegen  0.09/turn              (no ring)
MPRegen  0.08/turn              (no ring)

@: lethally poisoned (4 -> -3)
A: large, almost no armour, claws 3, fast metabolism 3, gourmand, AC +4
a: Wall Jump, Renounce Religion


You were on level 1 of the Dungeon.
You worshipped Wu Jian.
Wu Jian was aware of your devotion.
You were completely stuffed.

You visited 1 branch of the dungeon, and saw 1 of its levels.

You collected 34 gold pieces.

Inventory:

Hand Weapons
 h - a +1 dagger of venom
Missiles
 b - 231 sling bullets
Scrolls
 c - a scroll of identify {@r1}
Potions
 a - a potion of agility {@q5 !q}
Comestibles
 d - 4 chunks of flesh
 e - 3 rations {!d}


   Skills:
 + Level 2.7 Fighting
 - Level 2.4 Dodging
 - Level 0.4 Stealth
 * Level 4.6 Unarmed Combat
 - Level 1.0 Spellcasting
 - Level 1.0 Hexes


You had 2 spell levels left.
You knew the following spells:

 Your Spells              Type           Power        Failure   Level  Hunger
a - Confusing Touch       Hex            #.......     30%         1    None
Your spell library was empty.

Dungeon Overview and Level Annotations

Branches:
Dungeon (1/12)

Altars:


Innate Abilities, Weirdness & Mutations

You cannot wear most types of armour.
Your thick skin is tough. (AC +4)
You are too large for most types of armour.
You have claws for hands.
Your metabolism is lightning-fast.
You like to eat raw meat.


Message History

No target in view!
No target in view!
No target in view!
No target in view!
No target in view!
No target in view!
No target in view!
No target in view!
No target in view!
No target in view!
A hobgoblin comes into view.
The hobgoblin shouts!
You barely miss the hobgoblin. The hobgoblin hits you.
You claw the hobgoblin!
You kill the hobgoblin!
The Council accepts your kill.
No target in view!
No target in view!
No target in view!
No target in view!
No target in view!
No target in view!
You butcher the hobgoblin corpse.
d - 6 chunks of flesh (gained 3)
You see here a hobgoblin skeleton. x2
Found a stone staircase leading down.
No target in view!
No target in view!
No target in view!
No target in view!
No target in view!
No target in view!
No target in view!
No target in view!
No target in view!
No target in view!
No target in view!
You now have 34 gold pieces (gained 11).
Eating one of 6 chunks of flesh.
You eat one of the 6 chunks of flesh.
This raw flesh tastes great.
A goblin comes into view. It is wielding a +0 dagger of venom.
The goblin shouts!
A goblin is nearby!
A goblin is nearby!
You scratch the goblin.
The goblin is almost dead.
The goblin hits you but does no damage.
You are poisoned.
Some of the chunks of flesh in your inventory have rotted away.
You closely miss the goblin.
The goblin is almost dead.
You feel sick.
The goblin hits you with a +0 dagger of venom.
You are more poisoned.
You barely miss the goblin.
The goblin is almost dead.
You feel sick. The goblin hits you but does no damage.
You are lethally poisoned!
You claw the goblin!
You kill the goblin!
The Council accepts your kill.
You feel sick.
No target in view!
No target in view!
No target in view!
No target in view!
You feel sick.
Things that are here:
a +0 dagger of venom; a goblin corpse
h - a +0 dagger of venom You feel sick.
Okay, then.
As you read the scroll labeled MEUGEL QIXTOWO, it crumbles to dust.
The air around you briefly surges with heat, but it dissipates.
It was a scroll of immolation.
You feel sick.
As you read the scroll labeled FAF OTTEONIO, it crumbles to dust.
It is a scroll of enchant weapon.
Your +0 dagger of venom glows red for a moment.
You feel sick.
You feel sick.
You feel sick.
You feel sick.
You are lethally poisoned (12 -> -4).
Your movement speed is average.
Your attack speed is above average.
You feel sick.
You feel sick.
You feel sick.
* * * LOW HITPOINT WARNING * * *
You feel sick.
* * * LOW HITPOINT WARNING * * *
You feel sick.
* * * LOW HITPOINT WARNING * * *
You feel sick.
* * * LOW HITPOINT WARNING * * *
You feel sick.
There is a lethal amount of poison in your body!
There are no items here.
* * * LOW HITPOINT WARNING * * *
You feel sick.
Are you sure you want to abandon this character and quit the game? (Confirm with "yes".)

#.#.## #.#..#
############## #.#..#
.............# #.#..#
############.# #.####
#.# #.#... #.# #.#.##
#[#.#############.#.##
#.#..@.........†..#...
#.####################
#.# #.......
#.#############.######
#...............#
#.############### ###


There were no monsters in sight!

Vanquished Creatures
  A worm (D:1)
  2 dart slugs (D:1)
  2 leopard geckos (D:1)
  3 giant cockroaches (D:1)
  2 goblins (D:1)
  2 hobgoblins (D:1)
  A ball python (D:1)
  2 bats (D:1)
  A frilled lizard (D:1)
  A kobold (D:1)
  A rat (D:1)
18 creatures vanquished.

Notes
Turn   | Place    | Note
-------+----------+-------------------------------------------
     0 | D:1      | MisterOstroum the Troll Martial Artist began the quest for
                  | the Orb.
     0 | D:1      | Reached XP level 1. HP: 22/22 MP: 1/1
   240 | D:1      | Reached XP level 2. HP: 29/29 MP: 2/2
   661 | D:1      | Quit the game

Action                   || total
-------------------------++-------
Melee: Unarmed           ||    32
       Punch             ||     2
Invok: Lunge             ||     7
  Use: Scroll            ||     2
 Stab: Sleeping          ||     3
  Eat: Chunk             ||    10
Armor: Skin              ||     6
Dodge: Dodged            ||     7
